 Dungeon Crawl Stone Soup version 0.23.0 (webtiles) character file.

Game seed: 6245941731204170145

263 Gearfox the Chopper (level 5, -18/47 HPs)
             Began as a Minotaur Berserker on Feb 10, 2019.
             Was a Believer of Trog.
             Killed from afar by Dowan (23 damage)
             ... with a shard of ice
             ... on level 4 of the Dungeon.
             The game lasted 00:13:30 (3158 turns).

Gearfox the Chopper (Minotaur Berserker)            Turns: 3158, Time: 00:13:32

Health: -18/47     AC:  8    Str: 23    XL:     5   Next: 98%
Magic:  4/4        EV: 10    Int:  4    God:    Trog [**....]
Gold:   232        SH:  0    Dex:  9    Spells: 4/4 levels left

rFire    . . .     SeeInvis .   a - +0 hand axe
rCold    . . .     Gourm    .   (no shield)
rNeg     . . .     Faith    .   e - +1 scale mail
rPois    .         Spirit   .   (helmet restricted)
rElec    .         Reflect  .   (no cloak)
rCorr    .         Harm     .   (no gloves)
MR       .....                  l - +0 pair of boots
Stlth    ..........             (no amulet)
HPRegen  0.15/turn              (no ring)
MPRegen  0.09/turn              (no ring)

@: lethally poisoned (-18 -> -41), berserk cooldown, slowed, very slow
A: retaliatory headbutt, horns 2
a: Berserk, Trog's Hand, Renounce Religion


You were on level 4 of the Dungeon.
You worshipped Trog.
Trog was pleased with you.
You were near starving.

You visited 1 branch of the dungeon, and saw 4 of its levels.

You collected 232 gold pieces.

Inventory:

Hand Weapons
 a - a +0 hand axe (weapon)
Armour
 b - a +0 animal skin
 e - a +1 scale mail (worn)
 f - a +0 pair of gloves
 l - a +0 pair of boots (worn)
 n - a +0 plate armour
Wands
 d - a wand of iceblast (6)
Scrolls
 g - 2 scrolls of fear
Potions
 h - a potion of ambrosia {unknown}
 i - 2 potions of agility
 j - a potion of resistance {unknown}
 k - a potion of degeneration {unknown}
 m - 4 potions of curing
 o - 2 potions of heal wounds
Comestibles
 c - 4 rations


   Skills:
 + Level 4.8 Fighting
 - Level 7.2 Axes
 + Level 2.9 Armour
 - Level 2.2 Dodging


You had 4 spell levels left.
You didn't know any spells.
Your spell library was empty.

Dungeon Overview and Level Annotations

Branches:
Dungeon (4/15)
 Temple: D:4-7

Altars:
Trog
Zin

Annotations:
D:4 Dowan


Innate Abilities, Weirdness & Mutations

You reflexively headbutt those who attack you in melee.
You have a pair of horns on your head.


Message History

You feel sick. Dowan barely misses you.
You closely miss Dowan.
Dowan is moderately wounded.
* * * LOW HITPOINT WARNING * * *
You feel sick. Dowan misses you.
You slash Dowan!
Dowan is almost dead.
You are no longer berserk.
You are exhausted.
You feel yourself slow down.
* * * LOW HITPOINT WARNING * * *
You feel sick. Dowan hits you but does no damage.
You closely miss Dowan. You headbutt Dowan, but do no damage.
Dowan is almost dead.
* * * LOW HITPOINT WARNING * * *
You feel very sick. Dowan hits you but does no damage.
Dowan casts a spell at you. The shard of ice hits you!!
You die...

#........#.# ###.#=...
######........#.#####.#
...
#..<...#####..........e
.. ###.######
##..#####.... # #...#
#.## .e. #^.## ##.#
#..# ###).## #..#
#.)...# #..# #..@.)#
#..# #..e.....# #..#
#......### ####
#......# ......##
########


You could see Dowan.

Vanquished Creatures
  Duvessa (D:4)
  Ijyb (D:3)
  2 gnolls (D:1)
  4 adders (D:2)
  An ooze (D:2)
  2 dart slugs
  2 orcs
  8 bats
  3 giant cockroaches (D:1)
  6 goblins
  6 hobgoblins
  10 jackals
  6 kobolds
  A quokka (D:3)
  3 frilled lizards
  7 rats
  2 fungi (D:1)
65 creatures vanquished.

Vanquished Creatures (others)
  3 toadstools (D:1)
3 creatures vanquished.

Grand Total: 68 creatures vanquished

Notes
Turn   | Place    | Note
-------+----------+-------------------------------------------
     0 | D:1      | Gearfox the Minotaur Berserker began the quest for the Orb.
     0 | D:1      | Reached XP level 1. HP: 19/19 MP: 0/0
   147 | D:1      | Reached skill level 4 in Axes
   147 | D:1      | Reached XP level 2. HP: 27/27 MP: 1/1
   618 | D:1      | Reached XP level 3. HP: 33/33 MP: 2/2
   750 | D:1      | Reached skill level 5 in Axes
  1029 | D:2      | Reached ** piety under Trog
  1243 | D:2      | Found a bloodstained altar of Trog.
  1277 | D:2      | Reached XP level 4. HP: 40/40 MP: 3/3
  2081 | D:2      | Reached skill level 6 in Axes
  2286 | D:3      | Found a glowing silver altar of Zin.
  2287 | D:3      | Noticed Ijyb
  2298 | D:3      | Killed Ijyb
  2298 | D:3      | Reached XP level 5. HP: 47/47 MP: 4/4
  3031 | D:4      | Noticed Dowan
  3119 | D:4      | Noticed Duvessa
  3151 | D:4      | Killed Duvessa
  3151 | D:4      | Reached skill level 7 in Axes
  3158 | D:4      | Killed from afar by Dowan

Skill      XL: |  1  2  3  4  5 |
---------------+----------------+-----
Axes           | 4 5 6 7 |  7.2
Fighting       | 4 |  4.8
Armour         | |  2.9
Dodging        | |  2.2

Action                   |  1- 3 |  4- 6 || total
-------------------------+-------+-------++-------
Melee: Hand axe          |    86 |    64 ||   150
       Headbutt          |    18 |     8 ||    26
Invok: Berserk           |     1 |     1 ||     2
  Use: Scroll            |     1 |     8 ||     9
  Eat: Chunk             |     2 |     5 ||     7
Armor: Animal skin       |     1 |       ||     1
       Scale mail        |    34 |    33 ||    67
Dodge: Dodged            |    57 |    52 ||   109
